 Dungeon Crawl Stone Soup version 0.26-a0-466-g989023bd0d (webtiles) character file.

Game seed: 8035715817671838938

570463 Apogee the Impregnable (level 25, 0/265 HPs)
             Began as a Deep Dwarf Monk on Aug 7, 2020.
             Was an Elder of Makhleb.
             Killed from afar by an orb of fire (19 damage)
             ... with a fireball
             ... on level 5 of the Realm of Zot on Aug 8, 2020.
             The game lasted 02:37:33 (49264 turns).

Apogee the Impregnable (Deep Dwarf Monk)           Turns: 49264, Time: 02:37:35

Health: 0/265      AC: 50    Str: 27    XL:     25   Next: 62%
Magic:  5/5        EV: 16    Int: 18    God:    Makhleb [****..]
Gold:   6436       SH:  5    Dex: 18    Spells: 35/35 levels left

rFire    + . .     SeeInvis .   R - +6 battleaxe (vamp) {!w}
rCold    + + +     Faith    .   (shield currently unavailable)
rNeg     + . .     Spirit   .   D - +9 crystal plate armour
rPois    +         Reflect  +   u - +0 hat of Submission {Str+4 Int+3}
rElec    +         Harm     .   z - +2 cloak {rCorr}
rCorr    +                      K - +0 pair of gloves
MR       +++..                  c - +2 pair of boots "Hiluegev" {rElec Int+4 Dex+3}
Stlth    ..........             M - amulet of reflection
HPRegen  0.00/turn              O - ring "Volet" {rF+ rC++ Int-4}
MPRegen  0.09/turn              E - ring of poison resistance

@: mighty, lethally poisoned (0 -> 0), about to teleport, no potions,
non-regenerating, studying 2 skills
A: damage resistance, heal wounds, beak, horns 1, blurry vision 1, cold
resistance 1, negative energy resistance 1, sense surroundings 3, evolution 1,
no regeneration
}: 3/15 runes: serpentine, barnacled, silver
a: Heal Wounds, Minor Destruction, Lesser Servant of Makhleb, Major Destruction,
Renounce Religion


You were on level 5 of the Realm of Zot.
You worshipped Makhleb.
Makhleb was greatly pleased with you.
You visited 12 branches of the dungeon, and saw 52 of its levels.
You also visited: Ice Cave.

You collected 6863 gold pieces.
You spent 427 gold pieces at shops.

Inventory:

Hand Weapons
 R - a +6 vampiric battleaxe (weapon) {!w}
   (You took it off a naga sharpshooter on level 4 of the Snake Pit)
Missiles
 j - 1656 stones (quivered)
 n - 10 throwing nets {!f}
Armour
 c - the +2 pair of boots "Hiluegev" (worn) {rElec Int+4 Dex+3}
   (You acquired it on level 5 of the Vaults)

   It affects your intelligence (+4).
   It affects your dexterity (+3).
   It insulates you from electricity.
 u - the +0 hat of Submission (worn) {Str+4 Int+3}
   (You bought it in a shop on level 2 of the Orcish Mines)

   It affects your strength (+4).
   It affects your intelligence (+3).
 z - a +2 cloak of preservation (worn)
   (You took it off a draconian annihilator on level 1 of the Realm of Zot)
 D - a +9 crystal plate armour (worn)
   (You found it on level 2 of the Shoals)
 F - a +0 pair of boots of running
   (You found it on level 5 of the Vaults)
 K - a +0 pair of gloves (worn)
   (You found it on level 1 of the Lair of Beasts)
Jewellery
 i - an uncursed ring of protection from fire
   (You found it on level 4 of the Lair of Beasts)
 o - an uncursed ring of protection from cold
   (You found it on level 10 of the Dungeon)
 s - a +4 ring of evasion
   (You took it off a merfolk on level 4 of the Shoals)
 y - an uncursed ring of stealth {unknown}
   (You found it on level 2 of the Depths)
 A - an uncursed ring of flight
   (You found it on level 5 of the Dungeon)
 E - a ring of poison resistance (right hand)
   (You found it on level 5 of the Depths)
 H - a +6 ring of strength
   (You found it on level 8 of the Dungeon)
 M - an amulet of reflection (around neck)
   (You found it on level 15 of the Dungeon)
 O - the ring "Volet" (left hand) {rF+ rC++ Int-4}
   (You found it on level 2 of the Vaults)

   [ring of protection from fire]

   It affects your intelligence (-4).
   It protects you from fire.
   It greatly protects you from cold.
 V - an uncursed ring of resist corrosion
   (You found it in an ice cave)
 X - an uncursed ring of positive energy
   (You found it on level 13 of the Dungeon)
 Y - a +4 ring of protection
   (You found it on level 15 of the Dungeon)
Wands
 a - a wand of clouds (5)
   (You found it on level 3 of the Realm of Zot)
 v - a wand of digging (20)
   (You found it on level 5 of the Lair of Beasts)
 x - a wand of acid (18)
   (You found it on level 8 of the Dungeon)
Scrolls
 k - 2 scrolls of magic mapping
 q - 9 scrolls of immolation {!r}
 t - a scroll of holy word
 w - 15 scrolls of teleportation {@r4}
 B - a scroll of blinking
 J - 22 scrolls of remove curse {@r2}
 L - 2 scrolls of silence
 P - 36 scrolls of identify {@r1}
 S - 2 scrolls of fog
 T - 2 scrolls of fear
Potions
 f - 5 potions of cancellation
 g - 16 potions of curing {@q1}
 p - a potion of might
 r - 9 potions of lignification {!q}
 N - 6 potions of flight
 W - a potion of mutation {!q}
Books
 b - a manual of Invocations {!d}
   (You found it on level 5 of the Vaults)
 e - a manual of Axes {!d}
   (You acquired it on level 5 of the Depths)
Miscellaneous
 Q - 5 phantom mirrors


   Skills:
 - Level 23.2 Fighting
 - Level 20.0 Axes
 - Level 25.9 Armour
 - Level 15.0 Dodging
 - Level 2.4 Stealth
   Level 5.0 Shields
 + Level 5.8 Spellcasting
 - Level 21.0 Invocations


You had 35 spell levels left.
You didn't know any spells.
Your spell library contained the following spells:

 Spells                   Type           Power        Failure   Level
 Animate Skeleton         Necr           #.....       63%         1
 Apportation              Tloc           #.....       63%         1
 Beastly Appendage        Tmut           #.....       63%         1
 Corona                   Hex            #......      63%         1
 Foxfire                  Conj/Fire      #...         63%         1
 Freeze                   Ice            #...         63%         1
 Magic Dart               Conj           #...         63%         1
 Sandblast                Erth           #.....       63%         1
 Shock                    Conj/Air       #...         63%         1
 Summon Small Mammal      Summ           #...         63%         1
 Blink                    Tloc           N/A          77%         2
 Call Imp                 Summ           #.......     77%         2
 Ensorcelled Hibernation  Hex/Ice        #.....       77%         2
 Passwall                 Tmut/Erth      #.......     77%         2
 Poisonous Vapours        Pois/Air       #.....       77%         2
 Slow                     Hex            #.......     77%         2
 Swiftness                Air            #.......     77%         2
 Wereblood                Tmut           #.......     77%         2
 Call Canine Familiar     Summ           #.......     94%         3
 Confusing Touch          Hex            #.......     94%         3
 Conjure Flame            Conj/Fire      #.......     94%         3
 Dazzling Flash           Conj/Hex       #.....       94%         3
 Frozen Ramparts          Ice            #.....       94%         3
 Gell's Gravitas          Tloc           #.........   94%         3
 Ignite Poison            Fire/Tmut/Pois #.......     94%         3
 Inner Flame              Hex/Fire       #.......     94%         3
 Lesser Beckoning         Tloc           #.........   94%         3
 Mephitic Cloud           Conj/Pois/Air  #.......     94%         3
 Ozocubu's Armour         Ice            #.......     94%         3
 Portal Projectile        Hex/Tloc       #.....       94%         3
 Spider Form              Tmut/Pois      #.........   94%         3
 Static Discharge         Conj/Air       #.......     94%         3
 Stone Arrow              Conj/Erth      #.....       94%         3
 Summon Guardian Golem    Hex/Summ       #.......     94%         3
 Teleport Other           Tloc           #.......     94%         3
 Tukima's Dance           Hex            #.......     94%         3
 Vampiric Draining        Necr           #.........   94%         3
 Airstrike                Air            #.........   100%        4
 Cause Fear               Hex            #.........   100%        4
 Ice Form                 Ice/Tmut       #.......     100%        4
 Iskenderun's Mystic Bla  Conj/Tloc      #.......     100%        4
 Leda's Liquefaction      Hex/Erth       #.........   100%        4
 Passage of Golubria      Tloc           N/A          100%        4
 Petrify                  Tmut/Erth      #.......     100%        4
 Sticky Flame             Conj/Fire      #.......     100%        4
 Summon Ice Beast         Ice/Summ       #.......     100%        4
 Summon Lightning Spire   Summ/Air       #.......     100%        4
 Blade Hands              Tmut           #.........   100%        5
 Fireball                 Conj/Fire      #.........   100%        5
 Lee's Rapid Deconstruct  Erth           #.........   100%        5
 Lightning Bolt           Conj/Air       #.........   100%        5
 Metabolic Englaciation   Hex/Ice        #.........   100%        5
 Silence                  Hex/Air        #.........   100%        5
 Summon Mana Viper        Hex/Summ       #.......     100%        5
 Death Channel            Necr           #.........   100%        6
 Dispersal                Tloc           #.........   100%        6
 Freezing Cloud           Conj/Ice/Air   #.........   100%        6
 Ozocubu's Refrigeration  Ice            #.........   100%        6
 Shadow Creatures         Summ           N/A          100%        6
 Simulacrum               Ice/Necr       #.........   100%        6
 Haunt                    Necr/Summ      #.........   100%        7
 Malign Gateway           Summ/Tloc      #.........   100%        7
 Monstrous Menagerie      Summ           #.........   100%        7
 Summon Greater Demon     Summ           #.........   100%        7
 Borgnjor's Revivificati  Necr           #.........   100%        8
 Controlled Blink         Tloc           N/A          100%        8
 Disjunction              Tloc           #.........   100%        8
 Ignition                 Fire           #.........   100%        8
 Infestation              Necr           #.........   100%        8
 Necromutation            Tmut/Necr      #.........   100%        8
 Summon Horrible Things   Summ           #.........   100%        8
 Death's Door             Necr           #.........   100%        9


Dungeon Overview and Level Annotations

Branches:
Dungeon (15/15)            Temple (1/1) D:6            Lair (6/6) D:10
 Shoals (4/4) Lair:2        Snake (4/4) Lair:3        Slime (0/5) Lair:5
    Orc (2/2) D:11            Elf (3/3) Orc:2        Vaults (5/5) D:13
  Crypt (1/3) Vaults:2     Depths (5/5) D:15           Hell (visited)
    Zot (5/5) Depths:5      IceCv (visited)
    Dis: Hell:1         Geh: Hell:1         Coc: Hell:1         Tar: Hell:1

Altars:
Ashenzari
Cheibriados
Dithmenos
Elyvilon
Fedhas
Gozag
Hepliaklqana
Kikubaaqudgha
Makhleb
Nemelex Xobeh
Okawaru
Ru
Sif Muna
Trog
Uskayaw
Vehumet
Wu Jian
Xom
Yredelemnul
The Shining One
Beogh
Lugonu

Shops:
D:4 [   Orc:2 [([}   Shoals:2 :   Snake:1 [   Depths:1 =}}

Portals:
Hell: Depths:1 Depths:2 Depths:3 Depths:4 Depths:5
Abyss: Depths:1 Depths:2 Depths:4
Pandemonium: Depths:3
Ziggurat: Depths:1

Annotations:
D:5 1 runed translucent door, Crazy Yiuf, Pikel
D:6 1 exclusion
Lair:4 exclusion: oklob plant
Elf:2 3 runed translucent doors, exclusion: 2 doors
Hell Geryon
Zot:5 1 exclusion


Innate Abilities, Weirdness & Mutations

You are resistant to damage.
You can heal yourself by infusing magical energy.
You resist negative energy. (rN+)
You passively map a large area around you.
You do not regenerate.
You have a beak for a mouth.
You have a pair of small horns on your head.
Scrolls take you a little longer to read.
Your flesh is cold resistant. (rC+)
You evolve.


Message History

The air twists around and strikes you.
As you read the scroll of fear, it crumbles to dust.
You assume a fearsome visage.
The ancient lich is unaffected.
The ancient lich is unaffected.
The Killer Klown easily resists.
The blizzard demon is unaffected.
The orb of fire is unaffected.
The Killer Klown resists with almost no effort.
The Orb Guardian looks frightened!
The moth of wrath looks frightened!
The death cob is unaffected.
Unknown command.
You chop the moth of wrath into pieces!!!
You feel better.
Your attack snaps the moth of wrath out of its fear.
You headbutt the moth of wrath.
You kill the moth of wrath!
Makhleb accepts your kill.
You feel better.
You barely miss the yellow draconian. You slash the ancient lich!
You hit the death cob but do no damage.
You hear a roar!
The death cob hits you but does no damage.
You block the death cob's attack.
The yellow draconian hits you with a +0 mace.
* * * LOW HITPOINT WARNING * * *
The ancient lich points at you and mumbles some strange words.
The poison arrow hits you!!
You are poisoned.
You partially resist.
* * * LOW HITPOINT WARNING * * *
Unknown command.
You barely miss the yellow draconian. You headbutt the yellow draconian!
You peck the yellow draconian. You slash the death cob!
You slice the ancient lich!!
The death cob hits you but does no damage.
An orb of fire comes into view.
An ancient lich comes into view.
The Killer Klown throws klown pie at you.
The klown pie hits you!!
Lemon!
You feel unable to drink.
* * * LOW HITPOINT WARNING * * *
The ancient lich gestures at you while chanting.
You feel haunted.
The electric golem crackles and sizzles.
The electric golem hurls lightning at you.
The bolt of lightning hits you. You resist.
The yellow draconian disappears!
The yellow draconian reappears nearby!
The wraith closely misses you.
Unknown command.
The orb of fire glows bright magenta.
The fireball explodes!
The fireball engulfs you!! You resist.
You die...

****▓▓▓▓▓▓▓▓▓▓▓
****,,,..........▓▓▓▓
*,,,,,,........^@...▓▓
,,,,,,,.......W*W....▓*
,,,,,,,....p...Lp...^.▓
,,,,,,,...8.§{Wz.^....▓
,,,,,,,........2.....▓▓
,,,,^,,...*L........▓▓
,,,,,,,..L.........▓▓
,,,,,,,..d..........▓*
,^,,,,,..............▓*


You could see 2 orbs of fire, 2 Killer Klowns, an electric golem, 3 ancient
liches, a yellow draconian (berserk), a death cob, a blizzard demon (summoned),
a freezing wraith (summoned) and 2 wraiths.

Vanquished Creatures
  5 ancient liches
  2 orbs of fire (Zot:5)
  3 Killer Klowns (Zot:5)
  Saint Roka (Orc:2)
  A curse toe (Zot:5)
  7 caustic shrikes
  5 golden dragons
  A bone dragon (Depths:5)
  Rupert (Orc:2)
  10 tentacled monstrosities
  8 Orb Guardians (Zot:5)
  A titan (Depths:2)
  2 quicksilver dragons
  4 liches
  2 deep elf master archers (Elf:3)
  An eldritch tentacle (Vaults:4)
  3 sphinxes
  2 death cobs
  9 shadow dragons
  A kraken (Shoals:2)
  10 storm dragons
  Roxanne (Elf:2)
  10 tengu reavers
  10 nagarajas
  3 draconian monks
  2 azure jellies (Vaults:4)
  10 fire giants
  6 deep elf sorcerers
  11 frost giants
  2 draconian knights
  An orc warlord (Orc:2)
  14 vault wardens
  2 draconian scorchers
  A ghost moth (Zot:5)
  Louise (Depths:4)
  6 iron dragons
  2 draconian shifters (Depths:5)
  A draconian stormcaller (Zot:5)
  5 deep elf elementalists
  A war gargoyle (Vaults:5)
  2 draconian annihilators
  11 very ugly things
  12 ironheart preservers
  A spriggan defender (Depths:3)
  3 vampire knights
  18 stone giants
  An entropy weaver (shapeshifter) (Vaults:4)
  7 deep elf demonologists
  4 black draconians
  4 purple draconians
  5 white draconians
  A small abomination (Vaults:5)
  5 green draconians
  2 yellow draconians
  11 deep elf annihilators
  An eidolon (Vaults:2)
  A red draconian (Zot:5)
  3 merfolk javelineers
  4 deep elf death magi
  6 merfolk impalers
  12 ettins
  3 jiangshi
  A crystal guardian (Vaults:2)
  3 deep elf high priests
  7 fire dragons
  18 yaktaur captains
  7 rakshasas
  8 great orbs of eyes
  14 ogre magi
  Harold (Lair:2)
  37 vault guards
  3 spriggan air magi
  18 naga warriors
  10 ice dragons
  2 hydras
  A merfolk avatar (Shoals:4)
  8 centaur warriors
  A merfolk aquamancer (Shoals:4)
  45 two-headed ogres
  2 death knights (Vaults:4)
  10 anacondas
  10 dancing weapons
  3 vampire magi
  A queen ant (Lair:3)
  A tengu warrior (Depths:3)
  9 deep troll shamans
  13 deep troll earth magi
  Urug (D:10)
  A spriggan (Depths:5)
  7 shock serpents
  3 orc high priests (Orc:2)
  4 spriggan berserkers
  A sun demon (Depths:3)
  6 deep elf knights
  8 naga sharpshooters
  Sonja (Orc:1)
  5 hell knights (Depths:1)
  A shadow wraith (Vaults:4)
  4 salamander mystics
  6 iron trolls
  A fire crab (Vaults:4)
  A flayed ghost (Depths:3)
  7 naga ritualists
  A torturous demonspawn (Depths:3)
  4 glowing orange brains
  36 deep trolls
  12 sea snakes
  4 unseen horrors
  8 wizards
  16 deep elf archers
  A harpy (shapeshifter) (Elf:1)
  2 lindwurms
  14 ironbrand convokers
  10 mana vipers
  13 orc knights
  9 harpies
  A mana viper (shapeshifter) (Depths:2)
  5 phantasmal warriors
  11 orc sorcerers
  4 wolf spiders
  7 necromancers
  55 ugly things
  A shining eye (shapeshifter) (Depths:3)
  62 deep elf magi
  5 manticores
  2 fauns (Shoals:4)
  A wolf spider (shapeshifter) (Depths:1)
  14 salamanders
  10 cyclopes
  A manticore (shapeshifter) (Vaults:5)
  13 moths of wrath
  2 worldbinders (Vaults:4)
  5 elephants (Lair:6)
  A merfolk siren (Shoals:4)
  An elephant (shapeshifter) (Vaults:5)
  14 naga magi
  5 ice statues
  48 black mambas
  13 guardian serpents
  14 vault sentinels
  4 water nymphs (Shoals:4)
  6 torpor snails (Lair:6)
  2 gargoyles
  2 orange demons (Depths:3)
  A human zombie (Vaults:4)
  2 molten gargoyles (Vaults:4)
  A hellion (Depths:3)
  24 cane toads
  13 komodo dragons
  3 rime drakes
  A tengu conjurer (Depths:1)
  A yaktaur skeleton (Vaults:4)
  76 yaktaurs
  A human skeleton (Vaults:4)
  5 trolls
  4 polar bears (Lair:3)
  6 freezing wraiths
  A meliai (shapeshifter) (Vaults:5)
  A polar bear (shapeshifter) (Vaults:4)
  15 hornets
  16 merfolk
  5 wind drakes (Shoals:4)
  A jumping spider (shapeshifter) (Vaults:5)
  A raiju (shapeshifter) (Vaults:2)
  3 jumping spiders (Vaults:4)
  14 slime creatures
  4 tyrant leeches (Lair:6)
  26 blink frogs
  2 snapping turtles
  9 dream sheep
  A hippogriff (shapeshifter) (Vaults:1)
  8 hippogriffs
  A dream sheep (shapeshifter) (Vaults:2)
  5 air elementals
  2 redbacks (Lair:6)
  2 tarantellas (shapeshifter)
  Sigmund (D:2)
  20 water elementals
  A wyvern (shapeshifter) (Depths:1)
  9 wyverns
  3 spriggans (shapeshifter)
  Eustachio (D:4)
  6 fire elementals
  2 basilisks (shapeshifter)
  A yak (shapeshifter) (Vaults:3)
  A hog (shapeshifter) (Depths:2)
  60 yaks
  4 basilisks
  A steam dragon (D:8)
  8 vampire mosquitoes
  A chaos spawn (Depths:3)
  Edmund (D:6)
  64 nagas
  A harpy simulacrum (Vaults:4)
  3 large abominations (Elf:1)
  8 wargs
  Duvessa (D:5)
  6 soldier ants (Lair:3)
  A soldier ant (shapeshifter) (Vaults:4)
  2 spatial vortices (Vaults:4)
  2 acid dragons (Vaults:2)
  26 water moccasins
  7 porcupines
  2 hydra simulacra (Vaults:4)
  9 ice beasts
  6 sky beasts
  5 black bears (Lair:3)
  44 orc warriors
  2 phantoms
  An elf skeleton (Vaults:4)
  A black mamba simulacrum (Vaults:4)
  7 boggarts
  3 necrophages
  47 ogres
  An eye of draining (D:10)
  9 wolves
  15 centaurs
  8 crocodiles
  2 big kobolds
  A lemure (D:4)
  3 elf zombies (Elf:1)
  14 bullfrogs
  An earth elemental (Elf:2)
  2 wyvern zombies (D:14)
  Dowan (D:5)
  A scorpion (shapeshifter) (Vaults:3)
  10 wights
  5 killer bees
  2 elephant simulacra (Vaults:4)
  2 howler monkeys (D:7)
  3 electric eels
  2 lava snakes (Vaults:4)
  A crimson imp (Depths:3)
  25 orc wizards
  A quasit (Depths:3)
  4 centaur skeletons
  13 hounds
  23 orc priests
  2 bullfrog skeletons
  A bullfrog zombie (D:9)
  5 iguanas
  An iron imp (Depths:3)
  13 jellies (Lair:5)
  Natasha (D:3)
  28 worker ants
  2 troll simulacra (Vaults:4)
  2 howler monkey zombies
  Robin (D:3)
  3 gnolls (D:9)
  A howler monkey skeleton (D:6)
  12 adders
  11 white imps
  3 ufetubi
  2 oozes (D:2)
  A dart slug (D:5)
  6 leopard geckos
  115 orcs
  2 ball pythons (D:3)
  8 giant cockroaches
  16 goblins
  11 hobgoblins
  3 jackals (D:9)
  23 kobolds
  6 quokkas
  8 bats
  3 frilled lizards
  A jackal skeleton (D:4)
  A jackal zombie (D:5)
  A quokka skeleton (D:6)
  A quokka zombie (D:9)
  15 rats
  A crawling corpse (Vaults:5)
  8 fungi
  7 plants
  2 tentacles (Shoals:2)
2113 creatures vanquished.

Vanquished Creatures (collateral kills)
  An orb of fire (Zot:5)
  An ancient lich (Zot:5)
  Frederick (Depths:5)
  A Killer Klown (Zot:5)
  2 electric golems (Zot:5)
  Gastronok (Lair:2)
  A deep elf elementalist (Elf:3)
  3 very ugly things (Depths:5)
  A green draconian (Zot:5)
  A red draconian (Zot:5)
  A merfolk javelineer (Shoals:4)
  A fire dragon (Depths:5)
  A deep elf death mage (Elf:3)
  A merfolk impaler (Shoals:4)
  3 deep elf high priests
  A spriggan air mage (Depths:5)
  A naga warrior (Snake:2)
  An anaconda (Snake:4)
  2 satyrs (Shoals:4)
  A two-headed ogre (D:15)
  An ogre mage (D:15)
  A spriggan berserker (Depths:5)
  A spriggan (Depths:5)
  A small abomination (Elf:3)
  A deep elf knight (D:15)
  A sea snake (Snake:4)
  A deep troll (Depths:5)
  2 harpies (Shoals:4)
  An orc knight (D:12)
  A faun (Shoals:4)
  A cyclops (Shoals:4)
  A water nymph (Shoals:4)
  3 black mambas
  2 yaktaurs (Depths:5)
  A hornet (Depths:5)
  A merfolk (Shoals:4)
  A dream sheep (Shoals:4)
  A water elemental (Shoals:4)
  A yak (Lair:1)
  A naga (Snake:4)
  5 orc warriors
  A necrophage (D:8)
  An ogre (D:15)
  4 wights (D:11)
  2 orc priests (Orc:2)
  4 white imps (D:15)
  9 orcs
76 creatures vanquished.

Vanquished Creatures (others)
  A quicksilver dragon (Zot:1)
  A shadow dragon (Zot:1)
  A fire dragon (Depths:1)
  2 ogre magi
  2 deep elf knights
  A sea snake (Snake:4)
  A deep troll (Depths:5)
  A wizard (Vaults:1)
  A naga mage (Snake:3)
  A merfolk (Shoals:4)
  A naga (Snake:4)
  An orc warrior (Vaults:2)
  2 killer bees (D:9)
  An orc priest (Orc:2)
  An orc (D:9)
  A bush (Lair:6)
  9 fungi
  49 plants
  8 tentacles (Shoals:2)
85 creatures vanquished.

Grand Total: 2274 creatures vanquished

Notes
Turn   | Place    | Note
-------+----------+-------------------------------------------
     0 | D:1      | Apogee the Deep Dwarf Monk began the quest for the Orb.
     0 | D:1      | Reached XP level 1. HP: 20/20 MP: 1/1
   136 | D:1      | Reached XP level 2. HP: 20/27 MP: 2/2
   550 | D:1      | Reached skill level 1 in Armour
   738 | D:1      | Found a glowing golden altar of the Shining One.
  1169 | D:2      | Reached XP level 3. HP: 34/34 MP: 3/3
  1179 | D:2      | Noticed Sigmund
  1209 | D:2      | Killed Sigmund
  1209 | D:2      | Reached skill level 5 in Axes
  1209 | D:2      | Reached skill level 2 in Armour
  1209 | D:2      | Reached XP level 4. HP: 30/42 MP: 4/4
  1209 | D:2      | Reached XP level 5. HP: 35/49 MP: 5/5
  2324 | D:3      | Reached skill level 3 in Armour
  2370 | D:3      | Noticed Robin
  2452 | D:3      | Reached XP level 6. HP: 23/57 MP: 6/6
  2473 | D:3      | Killed Robin
  2699 | D:3      | Noticed Natasha
  2710 | D:3      | Killed Natasha
  2725 | D:3      | Found a shattered altar of Ashenzari.
  3479 | D:5      | Entered Level 5 of the Dungeon
  3557 | D:5      | Reached XP level 7. HP: 36/64 MP: 6/6
  3669 | D:5      | Reached skill level 4 in Armour
  3672 | D:5      | Noticed Dowan
  3728 | D:5      | Killed Dowan
  3920 | D:5      | Noticed Pikel
  3988 | D:4      | Noticed Eustachio
  4006 | D:4      | Killed Eustachio
  4122 | D:4      | Reached skill level 5 in Fighting
  4122 | D:4      | Reached XP level 8. HP: 33/74 MP: 6/6
  4129 | D:4      | Found Avuit's Armour Boutique.
  4468 | D:5      | Reached skill level 5 in Armour
  4792 | D:5      | Noticed Duvessa
  4830 | D:5      | Killed Duvessa
  5218 | D:5      | Found a runed translucent door.
  5219 | D:5      | Noticed Crazy Yiuf
  5538 | D:6      | Noticed Edmund
  5557 | D:6      | Killed Edmund
  5654 | D:6      | Reached skill level 6 in Armour
  5839 | D:6      | Found a staircase to the Ecumenical Temple.
  5877 | Temple   | Entered the Ecumenical Temple
  5975 | Temple   | Became a worshipper of Makhleb the Destroyer
  5975 | Temple   | Reached * piety under Makhleb
  5975 | Temple   | Reached ** piety under Makhleb
  6099 | D:6      | Found a white marble altar of Elyvilon.
  6099 | D:6      | Found a basalt altar of Yredelemnul.
  6100 | D:6      | Found an ancient bone altar of Kikubaaqudgha.
  6100 | D:6      | Found a bloodstained altar of Trog.
  6206 | D:7      | Gained mutation: You passively map the area around you.
                  | [Deep Dwarf growth]
  6206 | D:7      | Reached XP level 9. HP: 56/82 MP: 5/5
  6328 | D:7      | Reached skill level 10 in Axes
  6428 | D:7      | Got a warped robe
  6475 | D:7      | Identified the +1 robe of a volcano {Harm rElec Str+4
                  | Int-2} (You found it on level 7 of the Dungeon)
  6815 | D:7      | Reached skill level 7 in Armour
  6948 | D:8      | Reached *** piety under Makhleb
  6954 | D:8      | Found a sacrificial altar of Ru.
  7046 | D:8      | Noticed a two-headed ogre
  7232 | D:8      | Reached XP level 10. HP: 65/94 MP: 6/6
  7536 | D:8      | Killed a two-headed ogre
  7536 | D:8      | Reached skill level 8 in Armour
  7800 | D:9      | Noticed a two-headed ogre
  7808 | D:9      | Killed a two-headed ogre
  7871 | D:9      | Reached **** piety under Makhleb
  7928 | D:9      | Found a shadowy altar of Dithmenos.
  8074 | D:9      | Found a shimmering altar of Xom.
  8296 | D:9      | Reached skill level 9 in Armour
  8350 | D:10     | Entered Level 10 of the Dungeon
  8506 | D:10     | Found a staircase to the Lair.
  8661 | D:10     | Noticed Urug
  8698 | D:10     | Killed Urug
  8698 | D:10     | Reached skill level 1 in Invocations
  8698 | D:10     | Reached XP level 11. HP: 35/104 MP: 6/6
  8755 | D:10     | Killed an unseen horror
  9022 | D:11     | Noticed a brown ugly thing
  9038 | D:11     | Killed a brown ugly thing
  9298 | D:11     | Found a staircase to the Orcish Mines.
  9541 | Orc:1    | Entered Level 1 of the Orcish Mines
  9541 | Orc:1    | Found a roughly hewn altar of Beogh.
  9657 | D:12     | Noticed a deep elf mage
  9671 | D:12     | Killed a deep elf mage
  9711 | D:12     | Noticed an orc knight
  9746 | D:12     | Killed an orc knight
  9779 | D:12     | Reached skill level 10 in Armour
 10578 | Lair:1   | Entered Level 1 of the Lair of Beasts
 10779 | Lair:1   | Reached XP level 12. HP: 111/116 MP: 6/6
 10805 | Lair:1   | Reached skill level 11 in Armour
 10849 | Lair:1   | Reached ***** piety under Makhleb
 10859 | Lair:1   | Reached skill level 10 in Fighting
 11671 | Lair:2   | Noticed a six-headed hydra
 11676 | Lair:2   | Killed a nine-headed hydra
 11676 | Lair:2   | Reached skill level 12 in Armour
 11821 | Lair:2   | Noticed Harold
 11830 | Lair:2   | Killed Harold
 11944 | Lair:2   | Found a staircase to the Shoals.
 12046 | Lair:2   | Noticed Gastronok
 12058 | Lair:2   | Killed Gastronok
 12427 | Lair:2   | Reached XP level 13. HP: 68/127 MP: 6/6
 12628 | Lair:3   | Reached skill level 13 in Armour
 12816 | Lair:3   | Found a staircase to the Snake Pit.
 13237 | Lair:3   | Reached skill level 15 in Axes
 13382 | Lair:3   | Reached ****** piety under Makhleb
 13483 | Snake:1  | Entered Level 1 of the Snake Pit
 13592 | Lair:4   | Found a glowing golden altar of the Shining One.
 13718 | Lair:4   | You fall into a shaft and drop 1 floor!
 13763 | Lair:5   | Found a staircase to the Slime Pits.
 13849 | Lair:5   | Reached skill level 14 in Armour
 14578 | Lair:6   | Entered Level 6 of the Lair of Beasts
 15454 | D:13     | Found a gate to the Vaults.
 15795 | D:13     | Gained mutation: You resist negative energy. (rN+) [Deep
                  | Dwarf growth]
 15795 | D:13     | Reached XP level 14. HP: 139/139 MP: 7/7
 17044 | D:15     | Entered Level 15 of the Dungeon
 17088 | D:15     | Found a frozen archway.
 17104 | D:15     | Reached skill level 15 in Armour
 17130 | IceCv    | Entered an ice cave
 17775 | D:15     | HP: 4/141 [ettin/+0 dire flail (38)]
 17813 | D:15     | Found a staircase to the Depths.
 17902 | D:15     | Found a basalt altar of Yredelemnul.
 18947 | Lair:6   | Reached skill level 16 in Armour
 19086 | Lair:6   | Got a transparent hand axe
 19141 | Lair:6   | Reached XP level 15. HP: 151/151 MP: 7/7
 19800 | Lair:6   | Found a runed translucent door.
 20291 | Lair:6   | Paralysed by a hornet for 2 turns
 20305 | Lair:6   | Paralysed by a hornet for 1 turns
 20744 | Orc:1    | Found a roughly hewn altar of Beogh.
 20998 | Orc:2    | Entered Level 2 of the Orcish Mines
 21018 | Orc:2    | Noticed Sonja
 21045 | Orc:1    | Killed Sonja
 21045 | Orc:1    | Reached skill level 17 in Armour
 21247 | Orc:2    | Reached skill level 15 in Fighting
 21280 | Orc:2    | Identified the cursed +0 hand axe "Zadelead" {vorpal,
                  | *Contam rPois Dex+7} (You found it on level 6 of the Lair
                  | of Beasts)
 21395 | Orc:2    | Noticed Rupert
 21403 | Orc:2    | Noticed an orc warlord
 21445 | Orc:2    | Found a roughly hewn altar of Beogh.
 21499 | Orc:2    | Found a roughly hewn altar of Beogh.
 21653 | Orc:2    | Killed Rupert
 21660 | Orc:2    | Killed an orc warlord
 21664 | Orc:2    | Reached skill level 5 in Invocations
 21752 | Orc:2    | Noticed Saint Roka
 21764 | Orc:2    | Found Gaonooce's Antique Armour Shop.
 21765 | Orc:2    | Found a roughly hewn altar of Beogh.
 21805 | Orc:2    | Found a roughly hewn altar of Beogh.
 21806 | Orc:2    | Found Esytt's Gadget Shop.
 21984 | Orc:2    | Found a roughly hewn altar of Beogh.
 21985 | Orc:2    | Found Leac Bassuy's Antique Armour Shoppe.
 22042 | Orc:2    | Bought a bloodstained hat for 297 gold pieces
 22058 | Orc:2    | Identified the +0 hat of Submission {Str+4 Int+3} (You
                  | bought it in a shop on level 2 of the Orcish Mines)
 22077 | Orc:2    | Found a roughly hewn altar of Beogh.
 22171 | Orc:2    | Found a roughly hewn altar of Beogh.
 22326 | Orc:2    | Killed Saint Roka
 22526 | Orc:2    | Found Ydibuczoosi's Antique Weapon Boutique.
 22645 | Orc:2    | Found a staircase to the Elven Halls.
 22894 | Shoals:1 | Entered Level 1 of the Shoals
 23039 | Shoals:2 | Found Kohop's Book Emporium.
 23183 | Shoals:2 | Noticed a kraken
 23199 | Shoals:2 | Killed a kraken
 23208 | Shoals:4 | Entered Level 4 of the Shoals
 23253 | Shoals:4 | Reached XP level 16. HP: 88/163 MP: 4/6
 23639 | Shoals:4 | Got a barnacled rune of Zot
 23877 | Snake:1  | Reached skill level 10 in Invocations
 24190 | Snake:1  | Reached skill level 18 in Armour
 24256 | Snake:1  | Found Riosetwe's Antique Armour Emporium.
 25559 | Snake:3  | Reached XP level 17. HP: 153/170 MP: 10/10
 26159 | Snake:1  | Bought a buckler for 130 gold pieces
 27433 | Snake:4  | Entered Level 4 of the Snake Pit
 27585 | Snake:3  | Reached skill level 1 in Shields
 28106 | Snake:4  | Reached skill level 5 in Shields
 29250 | Snake:4  | Reached skill level 15 in Invocations
 29738 | Snake:4  | Gained mutation: You passively map a large area around you.
                  | [Deep Dwarf growth]
 29738 | Snake:4  | Reached XP level 18. HP: 166/178 MP: 10/10
 30036 | Snake:4  | Got a serpentine rune of Zot
 30169 | Lair:3   | Gained mutation: You have a beak for a mouth. [mutagenic
                  | glow]
 30320 | Elf:1    | Entered Level 1 of the Elven Halls
 31126 | Elf:1    | Identified Kujuveix's Disquisition on Evil Secrets
 31596 | Elf:2    | Identified the cursed +3 long sword "Iquosuac" {freeze,
                  | Str+5 Dex-5}
 31596 | Elf:2    | Identified the +1 leather armour "Qupozxu" {Dex+5 Stlth+}
 31775 | Elf:2    | Noticed Roxanne
 31800 | Elf:2    | Killed Roxanne
 32026 | Elf:2    | Found a runed translucent gate.
 32026 | Elf:2    | Found a runed translucent gate.
 32026 | Elf:2    | Found a runed translucent gate.
 32264 | Elf:3    | Entered Level 3 of the Elven Halls
 32332 | Elf:3    | Noticed a Brimstone Fiend
 32537 | Elf:3    | Reached skill level 5 in Dodging
 33109 | Elf:3    | Identified the +9 morningstar "Becwahue" {vamp, +Blink rF+
                  | Str+3 Dex+4}
 33569 | Elf:3    | Identified the +7 short sword of the Vendetta {venom, rElec
                  | rPois rC- rN+++ SInv}
 33856 | Elf:3    | Reached XP level 19. HP: 177/188 MP: 10/10
 33985 | Elf:3    | Identified the +1 robe of Gravitas {-Tele rC+ SInv}
 33992 | Elf:3    | Identified the +3 leather armour of Divine Compulsion
                  | {Int+4 Dex+4}
 34157 | Elf:3    | Identified Jaboid's Handbook of Glacial Lightness
 34182 | Elf:3    | Identified a scroll of acquirement
 34182 | Elf:3    | Acquired a manual of Dodging
 34602 | Vaults:1 | Entered Level 1 of the Vaults
 35423 | Vaults:1 | You fall into a shaft and drop 1 floor!
 35824 | Vaults:2 | Reached skill level 10 in Dodging
 35971 | Vaults:2 | Found a staircase to the Crypt.
 36068 | Vaults:2 | Got a shimmering turquoise ring
 36752 | Crypt:1  | Entered Level 1 of the Crypt
 37105 | Vaults:3 | Reached XP level 20. HP: 200/200 MP: 11/11
 37418 | Vaults:3 | Identified the ring "Volet" {rF+ rC++ Int-4} (You found it
                  | on level 2 of the Vaults)
 37422 | Vaults:3 | Got a crude robe
 37574 | Vaults:3 | Reached skill level 15 in Dodging
 38568 | Vaults:4 | Reached skill level 19 in Armour
 38630 | Vaults:4 | Identified Regudeh's Collected Works on the Blaze
 38827 | Vaults:4 | Identified the Compendium of the Poles
 38928 | Vaults:4 | Identified Dotod's Disquisition on the Traveller
 39276 | Vaults:4 | Reached XP level 21. HP: 211/211 MP: 12/12
 39394 | Vaults:4 | Identified Asmodeus's Handbook of Creation
 39893 | Vaults:5 | Entered Level 5 of the Vaults
 40019 | Vaults:5 | Noticed an ancient lich
 40037 | Vaults:5 | Killed an ancient lich
 40037 | Vaults:5 | Reached skill level 20 in Armour
 40177 | Vaults:5 | Identified the amulet "Wich" {RegenMP rN+ MR- Int+4 SInv}
 40487 | Vaults:5 | Noticed an ancient lich
 40501 | Vaults:5 | Reached XP level 22. HP: 224/224 MP: 13/13
 40509 | Vaults:5 | Gained mutation: You are weak. (Str -2) [a cacodemon]
 40512 | Vaults:5 | Gained mutation: You are dopey. (Int -2) [a cacodemon]
 40538 | Vaults:5 | Killed an ancient lich
 40538 | Vaults:5 | Reached skill level 21 in Armour
 40756 | Vaults:5 | Identified a +0 pair of boots of running (You found it on
                  | level 5 of the Vaults)
 41074 | Vaults:5 | Acquired the +2 pair of boots "Hiluegev" {rElec Int+4
                  | Dex+3}
 41688 | Vaults:5 | Got a heavily runed ring mail
 41826 | Vaults:5 | Got a silver rune of Zot
 42080 | Depths:1 | Entered Level 1 of the Depths
 42099 | Depths:1 | Paralysed by a floating eye for 2 turns
 42127 | Depths:1 | Found a gateway to a ziggurat.
 42161 | Depths:1 | Noticed a caustic shrike
 42162 | Depths:1 | Found the +0 staff of Battle
 42193 | Depths:1 | Killed a caustic shrike
 42265 | Depths:1 | Identified the +8 mace "Vafuig" {drain, rF+ Int-3 Stlth+}
 42340 | Depths:1 | Found Morusu's Jewellery Shop.
 42340 | Depths:1 | Found Gecziopt's Gadget Emporium.
 42341 | Depths:1 | Found Tikhlo's Gadget Emporium.
 42385 | Depths:1 | Found a corrupted altar of Lugonu.
 42385 | Depths:1 | Found a one-way gate to the infinite horrors of the Abyss.
 42433 | Depths:1 | Got an ichor-stained plate armour
 42434 | Depths:1 | Identified the cursed +0 plate armour "Zivonax" {rCorr
                  | Str-3 Int+4} (You found it on level 1 of the Depths)
 42549 | Depths:1 | Got a steaming dagger
 42584 | Depths:1 | Got an ancient rapier
 42728 | Depths:1 | Got an ebony rapier
 42879 | Depths:1 | Reached skill level 22 in Armour
 43007 | Depths:1 | Found a gateway to Hell.
 43587 | Depths:2 | Reached XP level 23. HP: 214/236 MP: 14/14
 44955 | Depths:3 | Reached skill level 23 in Armour
 45033 | Depths:3 | Noticed a caustic shrike
 45052 | Depths:3 | Killed a caustic shrike
 45176 | Depths:3 | Got a dazzling plate armour
 45237 | Depths:3 | Identified the cursed +1 plate armour "Cemasch" {rPois rF-
                  | Int+4} (You found it on level 3 of the Depths)
 45254 | Depths:3 | Found a one-way gate leading to the halls of Pandemonium.
 45438 | Depths:3 | Identified the Compendium of Snow and Calling
 45582 | Depths:3 | Noticed a caustic shrike
 45596 | Depths:3 | Killed a caustic shrike
 45604 | Depths:3 | Got a jewelled ring mail
 45644 | Hell     | Entered the Vestibule of Hell
 45644 | Hell     | Noticed Geryon
 46340 | Depths:4 | Noticed Louise
 46366 | Depths:4 | Killed Louise
 46561 | Depths:5 | Entered Level 5 of the Depths
 46575 | Depths:4 | Reached XP level 24. HP: 249/249 MP: 14/14
 46652 | Depths:4 | Reached skill level 24 in Armour
 46924 | Depths:5 | Noticed Frederick
 46976 | Depths:5 | Killed Frederick
 47089 | Depths:5 | Acquired a manual of Axes
 47378 | Depths:5 | Found a gate to the Realm of Zot.
 47521 | Zot:1    | Entered Level 1 of the Realm of Zot
 47646 | Zot:1    | Reached skill level 25 in Armour
 48012 | Zot:4    | Reached XP level 25. HP: 262/262 MP: 13/13
 48050 | Zot:5    | Entered Level 5 of the Realm of Zot
 48240 | Zot:5    | Found a huge runed gate.
 48241 | Zot:5    | Found a huge runed gate.
 48242 | Zot:5    | Found a huge runed gate.
 48255 | Zot:5    | Found a huge runed gate.
 48256 | Zot:5    | Found a huge runed gate.
 48257 | Zot:5    | Found a huge runed gate.
 48294 | Zot:5    | Found a huge runed gate.
 48322 | Zot:5    | Found a huge runed gate.
 48323 | Zot:5    | Found a huge runed gate.
 48323 | Zot:5    | Found a huge runed gate.
 48323 | Zot:5    | Found a huge runed gate.
 48324 | Zot:5    | Found a huge runed gate.
 48340 | Zot:5    | Found a huge runed gate.
 48341 | Zot:5    | Found a huge runed gate.
 48405 | Zot:5    | Noticed a Killer Klown
 48405 | Zot:5    | Noticed an ancient lich
 48406 | Zot:5    | Noticed an orb of fire
 48407 | Zot:5    | Noticed a Killer Klown
 48407 | Zot:5    | Noticed a Killer Klown
 48407 | Zot:5    | Noticed an ancient lich
 48418 | Zot:5    | Gained mutation: You evolve. [an orb of fire]
 48437 | Zot:5    | Killed an orb of fire
 48439 | Zot:5    | Killed a Killer Klown
 48440 | Zot:5    | Noticed an ancient lich
 48458 | Zot:5    | Killed a Killer Klown
 48466 | Zot:5    | Killed an ancient lich
 48610 | Zot:5    | Killed an ancient lich
 48612 | Zot:5    | Killed a Killer Klown
 48707 | Zot:5    | HP: 10/265 [deathcap/drain life[a curse toe] (5)]
 48710 | Zot:5    | Gained mutation: You are very dopey. (Int -4) [evolution]
 48752 | Zot:5    | Killed an ancient lich
 49110 | Zot:5    | Reached skill level 1 in Spellcasting
 49163 | Zot:5    | Noticed an orb of fire
 49175 | Zot:5    | Noticed an ancient lich
 49182 | Zot:5    | Gained mutation: Scrolls take you a little longer to read.
                  | [an orb of fire]
 49188 | Zot:5    | Noticed a Killer Klown
 49189 | Zot:5    | Killed an orb of fire
 49196 | Zot:5    | Killed an ancient lich
 49199 | Zot:5    | Killed a Killer Klown
 49201 | Zot:5    | Noticed an orb of fire
 49208 | Zot:5    | Gained mutation: Your body sometimes deteriorates upon
                  | taking damage. [an orb of fire]
 49216 | Zot:5    | Gained mutation: Armour fits poorly on your strangely
                  | shaped body. [an orb of fire]
 49221 | Zot:5    | Lost mutation: You are weak. (Str -2) [an orb of fire]
 49222 | Zot:5    | Killed an orb of fire
 49222 | Zot:5    | Reached skill level 5 in Spellcasting
 49227 | Zot:5    | Lost mutation: You are very dopey. (Int -4) [potion of
                  | mutation]
 49227 | Zot:5    | Lost mutation: You are dopey. (Int -2) [potion of mutation]
 49227 | Zot:5    | Lost mutation: Armour fits poorly on your strangely shaped
                  | body. [potion of mutation]
 49227 | Zot:5    | Lost mutation: Your body sometimes deteriorates upon taking
                  | damage. [potion of mutation]
 49227 | Zot:5    | Gained mutation: You have a pair of small horns on your
                  | head. [potion of mutation]
 49227 | Zot:5    | Gained mutation: Your flesh is cold resistant. (rC+)
                  | [potion of mutation]
 49235 | Zot:5    | Noticed an ancient lich
 49241 | Zot:5    | Noticed an orb of fire
 49241 | Zot:5    | Noticed an orb of fire
 49256 | Zot:5    | Noticed an ancient lich
 49256 | Zot:5    | Noticed a Killer Klown
 49256 | Zot:5    | Noticed an ancient lich
 49256 | Zot:5    | Noticed a Killer Klown
 49256 | Zot:5    | Noticed an orb of fire
 49262 | Zot:5    | Noticed an orb of fire
 49262 | Zot:5    | Noticed an ancient lich
 49264 | Zot:5    | Killed from afar by an orb of fire

Illustrated notes

Levels and vault maps discovered:
D:1:      dpeg_arrival_renting, layout_basic, tso_altar
D:2:      layout_basic, uniq_sigmund
D:3:      layout_basic, cheibrodos_ashenzari_chains, uniq_robin, uniq_natasha
D:4:      layout_basic, serial_shops, shop_statue, uniq_eustachio
D:5:      layout_cave_pods, serial_bayou, serial_bayou_ford_a,
          serial_bayou_lagoon_a, serial_bayou_pond_a, serial_bayou_shore_b,
          serial_bayou_pond_d, serial_bayou_pond_d, uniq_duvessa,
          uniq_crazy_yiuf_cottage, uniq_pikel
D:6:      layout_loops_ring, chequers_temple_overflow_statue_of_worship,
          minmay_temple_entry_enclosed_plants, serial_bayou_lagoon_b,
          uniq_edmund
D:7:      minmay_general_purpose_star, layout_loops_ring, grunt_decor_cap
D:8:      layout_basic, nicolae_ru_awakened_eye
D:9:      layout_basic, xom_confusion_cloud, basic_altar, minivault_19
D:10:     layout_rooms, erik_lair_island, uniq_urug
D:11:     layout_long_grid, orc_0_dummy
D:12:     layout_roguey [special_room_orc]
D:13:     layout_roguey, david_vaults_5
D:14:     layout_loops_corners, chequers_serial_rivers_micro_e
D:15:     hangedman_depths_entry_civil_slaughter, layout_gridville,
          lemuel_altar_in_water, portal_ice_cave_entry_imps
Temple:   regret_index_temple_sphere_string
Lair:1:   layout_hall_layers, chequers_serial_rivers_room_b,
          beast_lair_carwin_11, grunt_megastairs_4
Lair:2:   layout_gridlike, elwin_shoals_entry_rocks, beast_lair_carwin_5,
          grunt_megastairs_5, lemuel_fruit_fields, uniq_harold, uniq_gastronok
Lair:3:   beast_lair_carwin_large_1, layout_misc_corridors,
          minmay_snake_entry_guardpost_medium, zaba_antful_of_joy
Lair:4:   layout_concentric_octagons, basic_altar, minmay_lair_oklob_chamber
Lair:5:   layout_gridlike, minmay_slime_entry_jelly_boxes, minivault_25,
          nicolae_quartered_pool_medium, eino_small_chamber_without_monster,
          serial_bayou_shore_a
Lair:6:   hangedman_lair_tendril_chambers, layout_big_grid, wormcave
Shoals:1: layout_shoals
Shoals:2: layout_shoals, serial_shops, nicolae_shop_trees
Shoals:3: layout_shoals, serial_shops, shop
Shoals:4: shoals_end_simple, layout_shoals
Snake:1:  layout_basic, serial_shops, nicolae_shop_overgrown_old_shop
Snake:2:  layout_basic, grunt_ministairs_8
Snake:3:  layout_grid_maze, drop_trap
Snake:4:  grunt_snake_rune_pools, layout_misc_corridors, grunt_ministairs_6
Orc:1:    layout_caves, basic_altar, mines1_david
Orc:2:    grunt_orc_community_town_hall, layout_diamond_mine,
          grunt_orc_community_big_house_1, grunt_orc_community_big_house_1,
          grunt_orc_community_house_2, grunt_orc_community_house_2,
          grunt_orc_community_house_1, grunt_orc_community_house_2,
          grunt_orc_community_house_1, grunt_orc_community_house_2, elf_legates,
          uniq_rupert, uniq_sonja
Elf:1:    elf_arrival_002, layout_gridlike, hangedman_elf_disciples,
          minmay_elf_necromancy
Elf:2:    layout_gridlike, small_chamber_with_monster,
          fake_guardian_serpent_vault, uniq_roxanne
Elf:3:    minmay_elf_hall_curves, layout_geoelf_diagonals, drop_trap
Vaults:1: nicolae_vaults_quadrants, nicolae_vaults_network_star,
          vaults_room_grunt_arrival_ludios, ontoclasm_vaults_shuriken,
          vaults_room_corners, nicolae_vaults_little_squares_6,
          vaults_room_door_ring, hangedman_vaults_nails,
          ontoclasm_vaults_hangar, nicolae_vaults_circle_grid_a,
          layout_vaults_omnibox, mu_enter_wizlab_2, uniq_aizul, uniq_saint_roka
Vaults:2: ontoclasm_vaults_claustrophobia, minmay_crypt_entry_simple_sparse,
          ontoclasm_vaults_ligature, vaults_mumra_chevron,
          nicolae_vaults_network_square, vaults_dpeg_cross, v_misc_28,
          ontoclasm_vaults_bender, vaults_mumra_minichess,
          grunt_vaults_hallway_long, ontoclasm_vaults_chip,
          layout_vaults_omnigrid
Vaults:3: ontoclasm_vaults_spin, hangedman_vaults_nodes, v_misc_32,
          nicolae_vaults_triangles, ontoclasm_vaults_chip,
          nicolae_vaults_c_with_doors, dpeg_vaults_monster_box,
          nicolae_vaults_gold_heap, layout_vaults_big_room
Vaults:4: v_pattern_3, nicolae_vaults_puzzle_piece, ontoclasm_vaults_idyll,
          vaults_dpeg_hooks, nicolae_vaults_circle_grid_b, vaults_dpeg_diagonal,
          nicolae_vaults_murderbox, grunt_vaults_swirl,
          vaults_mumra_minichess_inversion, v_misc_17, v_misc_27,
          vaults_standard_mumra_lines, grunt_vaults_hallway_long,
          vaults_room_semicircle, layout_vaults_big_cross,
          serial_hangedman_research, hangedman_research_quantum,
          hangedman_research_convocations, hangedman_research_pyrotechnics,
          hangedman_research_thermodynamics
Vaults:5
Crypt:1:  layout_gridlike, basic_altar, grunt_ministairs_12
Depths:1: minmay_the_grid_3x2 [minmay_the_grid_minigrid_large,
          minmay_the_grid_garden, minmay_the_grid_medium_cups,
          minmay_the_grid_minigrid_small_alt, minmay_the_grid_outer_circle,
          minmay_the_grid_prize_four_corners_diamond_b], layout_cave_pools,
          enter_ziggurat_b, abyss_entry_flame_altar, grunt_metal_band,
          columned_hall_lemuel, statue_in_the_mist_lemuel,
          kennysheep_generic_room_6, minmay_shop_grove, serial_bayou_shore_b
Depths:2: minmay_containers, layout_gridlike, abyss_entry, hell_entry,
          chequers_big_river, st_stairs_7
Depths:3: evilmike_diamond_1, layout_honeycomb, grunt_pan_entry_zigzag,
          hell_entry, minmay_misc_feat_secret_circle, kennysheep_windowed_goal
Depths:4: minmay_haunted_quarter, layout_cave_pools, hell_entry,
          nicolae_abyss_entry_one_way_or_another, hangedman_decor_push
Depths:5: evilmike_zot_entry_round, layout_cave_pools, hell_entry,
          minmay_misc_feat_pillars, dispersion_dpeg, uniq_frederick
Hell
Zot:1:    gammafunk_dig_for_victory, layout_onion_interference,
          skrybe_zot_glass_3
Zot:2:    layout_onion, ebering_ghost_reflecting_pool, lemuel_elevator
Zot:3:    hangedman_zot_vaults_quadrants, layout_concentric_octagons,
          amethyst_zot_foddershock
Zot:4:    layout_gridlike, zot_minivault_8
Zot:5:    layout_misc_corridors, nicolae_lava_and_water, door_vault

Skill      XL: |  1  2  3  4  5  6  7  8  9 10 11 12 13 14 15 16 17 18 19 20 21 22 23 24 25 |
---------------+----------------------------------------------------------------------------+-----
Armour         | 1 2 3 4 6 7 9 10 12 14 16 17 18 19 20 22 23 25 | 25.9
Axes           | 4 5 6 8 9 11 13 14 15 16 17 18 19 20 | 20.0
Fighting       | 3 4 5 6 7 8 9 11 12 14 15 16 17 19 20 21 22 23 | 23.2
Invocations    | 1 4 8 12 16 20 21 | 21.0
Shields        | 5 |  5.0
Dodging        | 6 13 15 | 15.0
Spellcasting   | 5 |  5.8
Stealth        | |  2.4

Action                   |  1- 3 |  4- 6 |  7- 9 | 10-12 | 13-15 | 16-18 | 19-21 | 22-24 | 25-27 || total
-------------------------+-------+-------+-------+-------+-------+-------+-------+-------+-------++-------
Melee: Hand axe          |   116 |   295 |   363 |       |       |  1027 |       |       |       ||  1801
       War axe           |       |       |   188 |   693 |  1847 |       |       |       |       ||  2728
       Battleaxe         |       |       |       |       |    71 |   945 |  1659 |  2046 |   272 ||  4993
       Peck              |       |       |       |       |       |   131 |   579 |   697 |    85 ||  1492
       Headbutt          |       |       |       |       |       |       |       |       |     3 ||     3
Throw: Throwing net      |       |       |       |     1 |       |       |       |       |       ||     1
       Stone             |       |       |       |       |       |     2 |       |       |       ||     2
Invok: Lesser Servant of |       |       |       |    14 |    34 |    35 |     4 |       |       ||    87
       Minor Destruction |       |       |       |    41 |    22 |     1 |       |       |       ||    64
       Major Destruction |       |       |       |       |     1 |     5 |     2 |     6 |       ||    14
       Greater Servant o |       |       |       |       |       |     3 |     1 |     7 |    14 ||    25
 Abil: Heal Wounds       |     2 |     5 |    11 |    11 |    26 |    30 |     9 |    10 |    42 ||   146
Evoke: Wand              |       |       |     3 |     4 |    15 |    23 |     1 |     4 |     3 ||    53
  Use: Scroll            |     3 |       |     6 |     8 |    15 |    16 |     8 |    18 |     9 ||    83
       Potion            |       |       |     1 |     7 |     7 |     8 |       |     1 |    15 ||    39
 Stab: Sleeping          |     5 |       |       |       |       |       |       |       |       ||     5
       Confused          |       |       |     3 |     4 |     2 |     8 |       |       |       ||    17
       Distracted        |       |       |       |     1 |     9 |     9 |       |     4 |     3 ||    26
       Invisible         |       |       |       |       |     7 |       |     2 |       |     4 ||    13
Armor: Robe              |    22 |       |       |     3 |       |       |       |       |       ||    25
       Scale mail        |    20 |    49 |       |       |       |       |       |       |       ||    69
       Chain mail        |       |   104 |   207 |    24 |    27 |       |       |       |       ||   362
       Plate armour      |       |       |       |   296 |   996 |       |       |       |       ||  1292
       Crystal plate arm |       |       |       |       |    58 |  1144 |  1027 |  1845 |   238 ||  4312
Dodge: Dodged            |    78 |   144 |   151 |   233 |   748 |   522 |   825 |  1407 |   167 ||  4275
Block: Other             |       |       |       |       |   195 |   174 |   293 |   467 |    52 ||  1181
       Reflection        |       |       |       |       |     6 |    57 |    26 |    10 |     3 ||   102
       Buckler           |       |       |       |       |       |   416 |       |       |       ||   416

Table legend: (Time is in decaauts)
 A = Elapsed time spent in this place.
 B = Non-inter-level travel time spent in this place.
 C = Inter-level travel time spent in this place.
 D = Time resting spent in this place.
 E = Time spent auto-exploring this place.
 F = Levels seen in this place.
 G = Mean time per level.
                   A        B        C        D        E       F      G
               +--------+--------+--------+--------+--------+-----+--------+
         Total |  47178 |  42964 |   4214 |   3716 |  23244 |  53 |  890.2 |
       Dungeon |  13762 |  12022 |   1740 |    288 |   7919 |  15 |  917.5 |
        Temple |    114 |     92 |     22 |      0 |     90 |   1 |  114.0 |
          Lair |   6940 |   5978 |    962 |    394 |   3602 |   6 | 1156.7 |
        Shoals |    938 |    864 |     74 |     87 |     73 |   4 |  234.5 |
     Snake Pit |   5581 |   5157 |    424 |    862 |   2448 |   4 | 1395.2 |
  Orcish Mines |   2293 |   2024 |    269 |    343 |    976 |   2 | 1146.5 |
   Elven Halls |   4033 |   3815 |    218 |    899 |   1610 |   3 | 1344.3 |
        Vaults |   6464 |   6112 |    352 |     32 |   3527 |   5 | 1292.8 |
         Crypt |      1 |      1 |      0 |      0 |      0 |   1 |    1.0 |
        Depths |   4985 |   4834 |    151 |    151 |   2760 |   5 |  997.0 |
          Hell |     10 |     10 |      0 |      0 |      0 |   1 |   10.0 |
           Zot |   1572 |   1572 |      0 |    357 |    238 |   5 |  314.4 |
      Ice Cave |    481 |    481 |      0 |    300 |      0 |   1 |  481.0 |
               +--------+--------+--------+--------+--------+-----+--------+

Top non-repeatable levels by time:
   Elf:3: 2054 daAuts
 Snake:3: 1908 daAuts
Vaults:5: 1815 daAuts
   Orc:2: 1813 daAuts
 Snake:4: 1755 daAuts
  Lair:6: 1744 daAuts
Vaults:4: 1636 daAuts
     D:5: 1424 daAuts
Vaults:2: 1393 daAuts
Vaults:3: 1264 daAuts
  Lair:2: 1249 daAuts
Depths:2: 1171 daAuts
 Snake:1: 1165 daAuts
  Lair:3: 1161 daAuts
     D:1: 1142 daAuts
